 Dungeon Crawl Stone Soup version 0.30-a0-354-g6b83867211 (webtiles) character file.

Game seed: 6468102604104787785

76 koil the Chopper (level 4, -4/15 (38) HPs)
             Began as a Hill Orc Reaver on Nov 8, 2022.
             Slain by a river rat (5 damage)
             ... on level 3 of the Dungeon.
             The game lasted 00:06:32 (1679 turns).

koil the Chopper (Hill Orc Reaver)                  Turns: 1679, Time: 00:06:32

HP:   -4/15 (38)    AC:  6    Str: 14    XL:     4   Next: 32%
MP:   6/7           EV: 15    Int: 15    God:
Gold: 98            SH:  0    Dex:  9    Spells: 6/7 levels left

rFire   . . .      SeeInvis .    a - +0 hand axe
rCold   . . .      Faith    .    (no shield)
rNeg    . . .      Spirit   .    b - +0 leather armour
rPois   .          Reflect  .    (no helmet)
rElec   .          Harm     .    m - +0 cloak
rCorr   .          Rampage  .    (no gloves)
Will    .....                    p - +1 pair of boots
Stlth   +.........               (no amulet)
HPRegen 0.22/turn                h - +4 ring of evasion
MPRegen 0.10/turn                (no ring)

@: extremely drained
A: no striking features
a: no special abilities


You were on level 3 of the Dungeon.
You visited 1 branch of the dungeon, and saw 3 of its levels.

You collected 98 gold pieces.

Inventory:

Hand Weapons
 a - a +0 hand axe (weapon)
Missiles
 o - 3 curare-tipped darts {!f}
Armour
 b - a +0 leather armour (worn)
 m - a +0 cloak (worn)
 p - a +1 pair of boots (worn)
Jewellery
 h - a +4 ring of evasion (left hand)
Scrolls
 c - a scroll of magic mapping {unknown}
 e - a scroll of blinking {unknown}
 f - a scroll of amnesia {unknown}
 i - 2 scrolls of fear {unknown}
 j - a scroll of silence {unknown}
 n - a scroll of enchant weapon {unknown}
Potions
 d - a potion of lignification {unknown}
 g - a potion of magic {unknown}
 k - a potion of haste {unknown}
 l - a potion of invisibility {unknown}


   Skills:
 + Level 3.1 Fighting
 + Level 4.4 Axes
 + Level 1.3 Armour
 + Level 2.1 Dodging
 + Level 2.0 Spellcasting
 + Level 3.4 Conjurations


You had 6 spell levels left.
You knew the following spells:

 Your Spells              Type           Power      Damage    Failure   Level
a - Kiss of Death         Conj/Necr      24%        2d7       14%         1

Your spell library contained the following spells:

 Spells                   Type           Power      Damage    Failure   Level
 Momentum Strike          Conj/Tloc      12%        3d8       21%         2
 Hailstorm                Conj/Ice       6%         3d4       38%         3


Dungeon Overview and Level Annotations

Branches:
Dungeon (3/15)

Altars:


Message History

Aiming: Kiss of Death (safe; 14% risk of failure)
Press: ? - help, Shift-Dir - straight line, f - giant cockroach
Aim: a giant cockroach (100% to hit)
The negative energy hits the giant cockroach.
The giant cockroach is drained!
You kill the giant cockroach!
You feel drained.
Your magical contamination has completely faded away.
A river rat comes into view.
You closely miss the river rat. The river rat bites you.
You barely miss the river rat. The river rat completely misses you.
You closely miss the river rat. The river rat misses you.
You hit the river rat but do no damage.
The river rat bites you but does no damage.
The river rat completely misses you.
You barely miss the river rat. The river rat closely misses you.
You closely miss the river rat. The river rat closely misses you.
You hit the river rat but do no damage. The river rat bites you.
You closely miss the river rat. The river rat closely misses you.
You closely miss the river rat. The river rat barely misses you.
You closely miss the river rat. The river rat bites you!
You hit the river rat but do no damage. The river rat barely misses you.
You slash the river rat!
The river rat is severely wounded.
The river rat bites you but does no damage.
You hit the river rat but do no damage.
The river rat is severely wounded.
The river rat bites you.
You closely miss the river rat.
The river rat is severely wounded.
The river rat misses you.
You barely miss the river rat.
The river rat is severely wounded.
The river rat bites you.
* * * LOW HITPOINT WARNING * * *
The river rat bites you but does no damage.
You hit the river rat but do no damage.
The river rat is severely wounded.
The river rat bites you.
You die...

###############
#....##~~~~~~~##
##.###~#######~#
#.# #.# #.# #.#
#~# #@# #.# #.#
#r# #.# #.# #~#
#.# #~# #~# #.#
#~# #~# #.# #~##
~## #.# ##†# #
#.# #.<# #.#
#.##


You could see a river rat.

Vanquished Creatures
  A gnoll (D:2)
  3 adders
  A worm (D:3)
  A ball python (D:1)
  2 endoplasms (D:1)
  3 giant cockroaches
  4 goblins
  6 hobgoblins
  4 quokkas
  A bat (D:2)
  4 kobolds
  6 rats
36 creatures vanquished.

Notes
Turn   | Place    | Note
-------+----------+-------------------------------------------
     0 | D:1      | koil the Hill Orc Reaver began the quest for the Orb.
     0 | D:1      | Reached XP level 1. HP: 18/18 MP: 3/3
   138 | D:1      | Reached XP level 2. HP: 25/25 MP: 4/4
   630 | D:2      | Reached XP level 3. HP: 30/30 MP: 5/5
   875 | D:2      | Reached skill level 1 in Armour
  1020 | D:2      | Found a faded altar of an unknown god.
  1020 | D:2      | Noticed a reaper
  1442 | D:2      | Reached XP level 4. HP: 19/38 MP: 6/6
  1678 | D:3      | HP: 1/15 [river rat (5)]
  1679 | D:3      | Slain by a river rat

Illustrated notes

Levels and vault maps discovered:
D:1:      reono_arrival_forest_river, layout_rooms, minmay_close_crescents
D:2:      layout_loops_ring, dreamdust_ecumenical_altar_sealed_demon,
          reono_crystal_passage
D:3:      layout_basic, mainiacjoe_overflow_alcove_2, gup_sewer_entry_spiral,
          moated_statue, uniq_robin

Skill      XL: |  1  2  3  4 |
---------------+-------------+-----
Armour         | 1 |  1.3
Fighting       | 3 |  3.1
Dodging        | 2 |  2.1
Spellcasting   | 2 |  2.0
Axes           | |  4.4
Conjurations   | |  3.4

Action                   |  1- 3 |  4- 6 || total
-------------------------+-------+-------++-------
Melee: Hand axe          |   151 |    28 ||   179
       Punch             |       |     1 ||     1
 Cast: Kiss of Death     |       |     4 ||     4
Armor: Leather armour    |    26 |     5 ||    31
Dodge: Dodged            |   102 |    13 ||   115

Table legend: (Time is in decaauts)
 A = Elapsed time spent in this place.
 B = Non-inter-level travel time spent in this place.
 C = Inter-level travel time spent in this place.
 D = Time resting spent in this place.
 E = Time spent auto-exploring this place.
 F = Levels seen in this place.
 G = Mean time per level.
                   A        B        C        D        E       F      G
               +--------+--------+--------+--------+--------+-----+--------+
         Total |   1708 |   1657 |     51 |    141 |   1121 |   3 |  569.3 |
       Dungeon |   1708 |   1657 |     51 |    141 |   1121 |   3 |  569.3 |
               +--------+--------+--------+--------+--------+-----+--------+

Top non-repeatable levels by time:
     D:2: 901 daAuts
     D:1: 589 daAuts
     D:3: 216 daAuts
